Inferno vs Sewer Rats
(R2)
Created - January 17, 2019 at 20:12
Goals
|
| Inferno |
0 |
5 |
0 |
5 |
| Sewer Rats |
0 |
2 |
1 |
3 |
|
Shots
|
| Inferno |
6 |
14 |
5 |
25 |
| Sewer Rats |
2 |
14 |
11 |
27 |
|
1st period
No Goal
Penalties :
Daniel Carr (Tol) for Tripping (Minor) at 2:43, Matthew Nieto (Anc) for Roughing (Minor) at 9:13
2nd period
1. Sewer Rats , Erik Condra 6 (Jonathan Marchessault 22) at 2:19
2. Inferno , Tanner Pearson 19 (Vladimir Sobotka 27, Vladimir Zharkov 17) at 5:56
3. Inferno , Matt Kassian 18 (David Savard 22, Kyle Palmieri 22) at 8:37
4. Inferno , Vladimir Sobotka 21 (Kyle Palmieri 23, Tanner Pearson 24) at 13:08 (PP)
5. Inferno , Vladimir Sobotka 22 (Tanner Pearson 25) at 15:51
6. Inferno , Matt Kassian 19 (Anders Lee 16, Kyle Palmieri 24) at 16:08
7. Sewer Rats , William Karlsson 11 (Vincent Trocheck 20) at 17:28
Penalties :
Mark Mancari (Tol) for Goalie Interference (Minor) at 8:38, Ville Leino (Tol) for Slashing (Minor) at 13:03, Eric Karlsson (Anc) for Hooking (Minor) at 18:33
3rd period
8. Sewer Rats , Ville Leino 30 (Nick Cousins 9) at 7:37
Penalties :
Ville Leino (Tol) for Cross-checking (Minor) at 7:56, Dmitrij Jaskin (Tol) for Hooking (Minor) at 13:20, Eric Karlsson (Anc) for Tripping (Minor) at 16:03
Goalie Stats
Christopher Gibson (Anc), 24 saves from 27 shots - (0.889), W, 14-11-2, 60:00 minutes
Marek Mazanek (Tol), 8 saves from 9 shots - (0.889), 24:09 minutes
Antoine Bibeau (Tol), 12 saves from 16 shots - (0.750), L, 2-2-1, 35:51 minutes
Players Stats for Inferno
Player Name G A P +/- PIM S H SB GA TA FO MP PP MP PK MP
------------------------------------------------------------------------------------
Anders Lee 0 1 1 2 0 1 3 0 0 0 0/9 16:42 3:27 0:05
Bryan Rust 0 0 0 -1 0 6 0 1 0 1 0/0 15:14 0:22 3:17
Christian Folin 0 0 0 0 0 1 1 1 2 0 0/0 20:15 3:36 2:09
David Savard 0 1 1 1 0 3 4 1 0 1 0/0 26:14 4:17 3:48
Eric Karlsson 0 0 0 0 4 0 1 0 0 0 0/0 8:31 0:22 0:00
Esa Lindell 0 0 0 -1 0 0 1 0 0 0 0/0 15:20 4:01 0:00
Greg Pateryn 0 0 0 2 0 1 1 0 0 1 0/0 23:48 0:00 3:48
Kyle Palmieri 0 3 3 2 0 2 5 1 0 0 0/0 17:17 4:12 0:00
Mathieu Brodeur 0 0 0 1 0 0 1 0 0 1 0/0 19:02 0:06 2:09
Matt Kassian 2 0 2 2 0 2 3 0 1 0 0/0 14:47 0:00 1:22
Matthew Nieto 0 0 0 -1 2 0 2 0 0 0 0/1 14:01 3:27 0:25
Oliver Bjorkstrand 0 0 0 0 0 0 0 1 0 0 0/0 9:50 3:27 0:00
Philip Varone 0 0 0 -1 0 2 3 0 0 0 1/5 13:31 0:22 1:21
Simon Danis-Pepin 0 0 0 -1 0 0 0 1 0 1 0/0 15:21 4:02 0:00
Tanner Pearson 1 2 3 0 0 2 0 0 1 0 1/3 19:21 4:12 0:30
Victor Rask 0 0 0 0 0 1 0 0 0 0 6/7 6:29 0:00 0:00
Vladimir Sobotka 2 1 3 0 0 2 2 2 1 0 19/33 22:22 4:12 3:33
Vladimir Zharkov 0 1 1 0 0 2 2 1 0 0 0/0 15:55 0:00 1:21
Players Stats for Sewer Rats
Player Name G A P +/- PIM S H SB GA TA FO MP PP MP PK MP
------------------------------------------------------------------------------------
Anthony Duclair 0 0 0 0 0 1 0 0 0 0 0/0 6:15 0:00 0:07
Connor Carrick 0 0 0 0 0 1 0 0 0 0 0/0 4:27 0:00 0:00
Daniel Carr 0 0 0 1 2 0 1 0 1 0 0/0 13:44 0:27 0:43
Dmitrij Jaskin 0 0 0 1 2 3 1 0 0 0 0/0 11:51 0:00 0:00
Erik Condra 1 0 1 -1 0 4 2 0 0 0 1/1 17:35 2:32 1:21
Jarred Tinordi 0 0 0 -3 0 0 0 1 0 0 0/0 18:56 2:48 3:36
Joel Edmundson 0 0 0 -3 0 1 2 2 0 1 0/0 18:56 2:48 3:36
John Ramage 0 0 0 1 0 0 2 1 0 0 0/0 9:43 0:00 0:00
Jonathan Huberdeau 0 0 0 -1 0 2 0 0 0 0 0/0 19:51 2:14 3:22
Jonathan Marchessault 0 1 1 -1 0 3 0 1 0 0 8/11 16:14 2:32 0:00
Mark Mancari 0 0 0 -1 2 1 3 2 2 0 0/2 20:37 3:25 2:56
Matt Lashoff 0 0 0 1 0 1 1 3 2 1 0/0 26:54 3:09 4:25
Nick Cousins 0 1 1 0 0 1 0 0 0 0 3/7 9:19 0:00 2:37
Ryan Murphy 0 0 0 1 0 0 0 1 0 1 0/0 9:43 0:00 0:00
Steven Kampfer 0 0 0 1 0 2 0 0 0 0 0/0 26:53 3:09 4:24
Ville Leino 1 0 1 -1 4 3 2 3 0 1 2/4 25:03 2:58 2:55
Vincent Trocheck 0 1 1 -1 0 2 0 0 0 1 13/28 19:09 3:25 1:43
William Karlsson 1 0 1 1 0 2 0 0 0 0 4/5 12:16 0:18 0:18
Xavier Ouellet 0 0 0 0 0 0 0 0 0 0 0/0 4:27 0:00 0:00
3 Stars
1 - Matt Kassian (Anc)
2 - Vladimir Sobotka (Anc)
3 - Kyle Palmieri (Anc)
Power Play
Inferno - 1 on 6 Attempt(s) - 16.67%
Sewer Rats - 0 on 2 Attempt(s) - 0.00%
Penalty Kill
Inferno - 2 on 2 Attempt(s) - 100.00%
- Score 0 goal in Penalty Kill
Sewer Rats - 5 on 6 Attempt(s) - 83.33%
- Score 0 goal in Penalty Kill
Team Stat
Inferno - Hits : 29 - Faceoff Wins : 27 - Blocked Shots : 9 - Penalty Minutes : 6
Sewer Rats - Hits : 14 - Faceoff Wins : 31 - Blocked Shots : 14 - Penalty Minutes : 10
Official
Referees : Unknown
Linesman : Unknown
Game Notes
8:41 of 2nd period - Penalty Shot by Nick Cousins for Sewer Rats - Stopped by Christopher Gibson
Marek Mazanek enters game at 15:51 of 2nd period
Finance
Level 1 -- Attendance: 1545 (77.25%) -- Ticket Income $54,075
Level 2 -- Attendance: 821 (82.10%) -- Ticket Income $13,957
Total Attendance: 2366 (78.87%)
Total Ticket Income: $68,032
Other Income: $3,402
Total Income: $71,434
Inferno
5 vs 5 Forward
Center Left Wing Right Wing Time % Phy DF OF
1 Vladimir Sobotka Tanner Pearson Vladimir Zharkov 40 1 2 2
2 Anders Lee Matt Kassian Kyle Palmieri 30 1 2 2
3 Philip Varone Matthew Nieto Bryan Rust 20 1 2 2
4 Victor Rask Eric Karlsson Oliver Bjorkstrand 10 1 2 2
5 vs 5 Defense
Defense Defense Time % Phy DF OF
1 Greg Pateryn David Savard 40 1 2 2
2 Christian Folin Mathieu Brodeur 30 1 2 2
3 Esa Lindell Simon Danis-Pepin 20 1 2 2
4 Greg Pateryn Mathieu Brodeur 10 1 2 2
PowerPlay Forward
Center Left Wing Right Wing Time % Phy DF OF
1 Vladimir Sobotka Tanner Pearson Kyle Palmieri 60 1 2 2
2 Anders Lee Matthew Nieto Oliver Bjorkstrand 40 1 2 2
PowerPlay Defense
Defense Defense Time % Phy DF OF
1 Christian Folin David Savard 60 1 2 2
2 Esa Lindell Simon Danis-Pepin 40 1 2 2
Penalty Kill 4 Players Forward
Center Wing Time % Phy DF OF
1 Vladimir Sobotka Bryan Rust 60 1 2 2
2 Philip Varone Vladimir Zharkov 40 1 2 2
Penalty Kill 4 Players Defense
Defense Defense Time % Phy DF OF
1 Greg Pateryn David Savard 60 1 2 2
2 Christian Folin Mathieu Brodeur 40 1 2 2
Penalty Kill - 3 Players Forward
Forward Time % Phy DF OF
1 Vladimir Sobotka 60 1 2 2
2 Bryan Rust 40 1 2 2
Penalty Kill - 3 Players Defense
Defense Defense Time % Phy DF OF
1 Greg Pateryn David Savard 60 1 2 2
2 Christian Folin Mathieu Brodeur 40 1 2 2
4 vs 4 Forward
Center Wing Time % Phy DF OF
1 Vladimir Sobotka Vladimir Zharkov 60 1 2 2
2 Anders Lee Kyle Palmieri 40 1 2 2
4 vs 4 Defense
Defense Defense Time % Phy DF OF
1 Greg Pateryn David Savard 60 1 2 2
2 Christian Folin Mathieu Brodeur 40 1 2 2
Last Minutes Offensive
Center Left Wing Right Wing Defense Defense
Anders Lee Tanner Pearson Vladimir Zharkov Greg Pateryn David Savard
Last Minutes Defensive
Center Left Wing Right Wing Defense Defense
Vladimir Sobotka Tanner Pearson Vladimir Zharkov Greg Pateryn David Savard
Goaltenders
Starting : Christopher Gibson
Backup : Michael Hutchinson
Extra Forwards
Normal : Philip Varone, Matt Kassian, Matthew Nieto - PP : Matthew Nieto, Oliver Bjorkstrand - PK : Matt Kassian
Extra Defensemen
Normal : Christian Folin, Mathieu Brodeur, Esa Lindell - PP : Esa Lindell - PK : Mathieu Brodeur, Simon Danis-Pepin
Penalty Shots
Kyle Palmieri, Victor Rask, Philip Varone, Tanner Pearson, Oliver Bjorkstrand
Scratches
Chris Brown (Healthy), Frank Corrado (Healthy), Ryan Spooner (Healthy), Tyler Shattock (Healthy), Joakim Nordstrom (Healthy)
Trevor Carrick (Healthy), Petteri Lindbohm (Healthy), Daniil Tarasov (Healthy), Peter Cehlarik (Healthy), John Gilmour (Healthy)
Branden Troock (Healthy), Nathan Lieuwen (Healthy)
Sewer Rats
5 vs 5 Forward
Center Left Wing Right Wing Time % Phy DF OF
1 Vincent Trocheck Ville Leino Mark Mancari 40 1 2 2
2 Jonathan Marchessault Jonathan Huberdeau Erik Condra 30 1 2 2
3 William Karlsson Daniel Carr Dmitrij Jaskin 20 1 2 2
4 Nick Cousins Anthony Duclair Ville Leino 10 1 2 2
5 vs 5 Defense
Defense Defense Time % Phy DF OF
1 Matt Lashoff Steven Kampfer 40 1 2 2
2 Jarred Tinordi Joel Edmundson 30 1 2 2
3 Ryan Murphy John Ramage 20 1 2 2
4 Connor Carrick Xavier Ouellet 10 1 2 2
PowerPlay Forward
Center Left Wing Right Wing Time % Phy DF OF
1 Vincent Trocheck Ville Leino Mark Mancari 60 1 2 2
2 Jonathan Marchessault Jonathan Huberdeau Erik Condra 40 1 2 2
PowerPlay Defense
Defense Defense Time % Phy DF OF
1 Matt Lashoff Steven Kampfer 60 1 2 2
2 Jarred Tinordi Joel Edmundson 40 1 2 2
Penalty Kill 4 Players Forward
Center Wing Time % Phy DF OF
1 Ville Leino Mark Mancari 60 1 2 2
2 Erik Condra Jonathan Huberdeau 40 1 2 2
Penalty Kill 4 Players Defense
Defense Defense Time % Phy DF OF
1 Matt Lashoff Steven Kampfer 60 1 2 2
2 Jarred Tinordi Joel Edmundson 40 1 2 2
Penalty Kill - 3 Players Forward
Forward Time % Phy DF OF
1 Ville Leino 60 1 2 2
2 Mark Mancari 40 1 2 2
Penalty Kill - 3 Players Defense
Defense Defense Time % Phy DF OF
1 Matt Lashoff Steven Kampfer 60 1 2 2
2 Jarred Tinordi Joel Edmundson 40 1 2 2
4 vs 4 Forward
Center Wing Time % Phy DF OF
1 Ville Leino Mark Mancari 60 1 2 2
2 Erik Condra Jonathan Huberdeau 40 1 2 2
4 vs 4 Defense
Defense Defense Time % Phy DF OF
1 Matt Lashoff Steven Kampfer 60 1 2 2
2 Jarred Tinordi Joel Edmundson 40 1 2 2
Last Minutes Offensive
Center Left Wing Right Wing Defense Defense
Vincent Trocheck Ville Leino Mark Mancari Matt Lashoff Steven Kampfer
Last Minutes Defensive
Center Left Wing Right Wing Defense Defense
Vincent Trocheck Ville Leino Mark Mancari Matt Lashoff Steven Kampfer
Goaltenders
Starting : Antoine Bibeau
Backup : Marek Mazanek
Extra Forwards
Normal : Daniel Carr, William Karlsson, Nick Cousins - PP : Daniel Carr, William Karlsson - PK : Nick Cousins
Extra Defensemen
Normal : Ryan Murphy, John Ramage, Connor Carrick - PP : Ryan Murphy - PK : John Ramage, Connor Carrick
Penalty Shots
Ville Leino, Mark Mancari, Erik Condra, Jonathan Huberdeau, Vincent Trocheck
Scratches
Dominik Kubalik (Healthy), Josh Archibald (Healthy), Jonathan Racine (Healthy), Joseph Blandisi (Healthy), Tyler Motte (Healthy)
Martin Frk (Suspend), Chris Calhan (Healthy), Sergei Kostenko (Healthy)
% Time on Ice - Inferno
Lines # - Real PCT - Wanted PCT - Time Play
Normal Forward
1 - 37% - 40% - 16:49
2 - 29% - 30% - 13:16
3 - 21% - 20% - 9:28
4 - 14% - 10% - 6:29
Normal Defense
1 - 39% - 40% - 18:09
2 - 31% - 30% - 14:18
3 - 22% - 20% - 10:12
4 - 7% - 10% - 3:23
PP Forward
1 - 57% - 60% - 4:34
2 - 43% - 40% - 3:27
PP Defense
1 - 58% - 60% - 4:37
2 - 42% - 40% - 3:24
PK Forward
1 - 77% - 60% - 4:36
2 - 23% - 40% - 1:21
PK Defense
1 - 64% - 60% - 3:48
2 - 36% - 40% - 2:09
PK3 Forward
1 - 0% - 60%
2 - 0% - 40%
PK3 Defense
1 - 0% - 60%
2 - 0% - 40%
44 Forward
1 - 0% - 60%
2 - 0% - 40%
44 Defense
1 - 0% - 60%
2 - 0% - 40%
Last Minute Offensive - 0:00
Last Minute Defensive - 0:00
Total
Forward - 60:00
Defense - 60:00
|
% Time on Ice - Sewer Rats
Lines # - Real PCT - Wanted PCT - Time Play
Normal Forward
1 - 36% - 40% - 16:33
2 - 30% - 30% - 13:42
3 - 23% - 20% - 10:42
4 - 11% - 10% - 5:05
Normal Defense
1 - 42% - 40% - 19:20
2 - 27% - 30% - 12:32
3 - 21% - 20% - 9:43
4 - 10% - 10% - 4:27
PP Forward
1 - 57% - 60% - 3:25
2 - 43% - 40% - 2:32
PP Defense
1 - 53% - 60% - 3:09
2 - 47% - 40% - 2:48
PK Forward
1 - 83% - 60% - 6:40
2 - 17% - 40% - 1:21
PK Defense
1 - 55% - 60% - 4:25
2 - 45% - 40% - 3:36
PK3 Forward
1 - 0% - 60%
2 - 0% - 40%
PK3 Defense
1 - 0% - 60%
2 - 0% - 40%
44 Forward
1 - 0% - 60%
2 - 0% - 40%
44 Defense
1 - 0% - 60%
2 - 0% - 40%
Last Minute Offensive - 0:00
Last Minute Defensive - 0:00
Total
Forward - 60:00
Defense - 60:00
|
Play-by-Play
1st period
0:01 of 1st period - Vladimir Sobotka wins face-off versus Mark Mancari in neutral zone.
0:08 of 1st period - Snap shot by Tanner Pearson.
0:08 of 1st period - Shot Misses the Net.
0:10 of 1st period - Wrist shot by Vladimir Zharkov.
0:10 of 1st period - Shot Hit the Post.
0:12 of 1st period - Slapshot by David Savard.
0:12 of 1st period - Stopped by Antoine Bibeau with a rebound.
0:14 of 1st period - Wrist shot by Vladimir Sobotka.
0:14 of 1st period - Shot Blocked by Mark Mancari.
0:26 of 1st period - David Savard is hit by Matt Lashoff and loses puck.
0:54 of 1st period - Snap shot by Bryan Rust.
0:54 of 1st period - Shot Misses the Net.
1:24 of 1st period - John Ramage is hit by Vladimir Zharkov.
2:22 of 1st period - Slapshot by Steven Kampfer.
2:22 of 1st period - Shot Misses the Net.
2:43 of 1st period - Minor Penalty to Daniel Carr for Tripping.
2:44 of 1st period - Vladimir Sobotka wins face-off versus Ville Leino in Sewer Rats zone.
4:43 of 1st period - Penalty to Daniel Carr is over, Daniel Carr is back on ice.
5:07 of 1st period - Slapshot by Daniel Carr.
5:07 of 1st period - Shot Misses the Net.
5:13 of 1st period - Slapshot by David Savard.
5:13 of 1st period - Stopped by Antoine Bibeau with a rebound.
5:15 of 1st period - Slapshot by Bryan Rust.
5:15 of 1st period - Shot Misses the Net.
5:23 of 1st period - Wrist shot by Bryan Rust.
5:23 of 1st period - Shot Blocked by Joel Edmundson.
5:31 of 1st period - Wrist shot by Bryan Rust.
5:31 of 1st period - Shot Blocked by Jarred Tinordi.
5:39 of 1st period - Wrist shot by Bryan Rust.
5:39 of 1st period - Shot Misses the Net.
5:41 of 1st period - Slapshot by Mathieu Brodeur.
5:41 of 1st period - Shot Misses the Net.
5:43 of 1st period - Slapshot by David Savard.
5:43 of 1st period - Deflect By Bryan Rust.
5:43 of 1st period - Stopped by Antoine Bibeau with a rebound.
5:45 of 1st period - Slapshot by Bryan Rust.
5:45 of 1st period - Stopped by Antoine Bibeau without a rebound.
5:46 of 1st period - Jonathan Marchessault wins face-off versus Anders Lee in Sewer Rats zone.
5:46 of 1st period - Jonathan Marchessault is hit by Kyle Palmieri.
6:38 of 1st period - Snap shot by Matthew Nieto.
6:38 of 1st period - Deflect By John Ramage.
6:38 of 1st period - Shot Blocked by John Ramage.
6:38 of 1st period - Puck is out of play.
6:39 of 1st period - Jonathan Marchessault wins face-off versus Matthew Nieto in Sewer Rats zone.
8:23 of 1st period - Erik Condra is hit by Kyle Palmieri and loses puck.
8:47 of 1st period - Joel Edmundson is hit by David Savard.
8:50 of 1st period - Off-side.
8:51 of 1st period - Nick Cousins wins face-off versus Philip Varone in neutral zone.
9:13 of 1st period - Minor Penalty to Matthew Nieto for Roughing.
9:14 of 1st period - Vincent Trocheck wins face-off versus Vladimir Sobotka in Inferno zone.
9:28 of 1st period - Wrist shot by Mark Mancari.
9:28 of 1st period - Shot Misses the Net.
9:30 of 1st period - Wrist shot by Matt Lashoff.
9:30 of 1st period - Shot Misses the Net.
11:13 of 1st period - Penalty to Matthew Nieto is over, Matthew Nieto is back on ice.
13:31 of 1st period - Snap shot by Kyle Palmieri.
13:31 of 1st period - Stopped by Antoine Bibeau with a rebound.
13:39 of 1st period - Connor Carrick is hit by Matt Kassian and loses puck.
14:04 of 1st period - Snap shot by Matthew Nieto.
14:04 of 1st period - Shot Blocked by Matt Lashoff.
14:31 of 1st period - Off-side.
14:32 of 1st period - Nick Cousins wins face-off versus Anders Lee in neutral zone.
14:39 of 1st period - Wrist shot by Anthony Duclair.
14:39 of 1st period - Stopped by Christopher Gibson without a rebound.
14:40 of 1st period - Vladimir Sobotka wins face-off versus Nick Cousins in Inferno zone.
14:46 of 1st period - Simon Danis-Pepin is hit by Joel Edmundson and loses puck.
15:03 of 1st period - Slapshot by Tanner Pearson.
15:03 of 1st period - Shot Misses the Net.
15:26 of 1st period - Icing by Mathieu Brodeur.
15:27 of 1st period - William Karlsson wins face-off versus Philip Varone in Inferno zone.
15:30 of 1st period - Wrist shot by William Karlsson.
15:30 of 1st period - Shot Misses the Net.
15:51 of 1st period - Snap shot by Matthew Nieto.
15:51 of 1st period - Shot Blocked by Matt Lashoff.
16:05 of 1st period - Wrist shot by Dmitrij Jaskin.
16:05 of 1st period - Shot Misses the Net.
16:11 of 1st period - Snap shot by Bryan Rust.
16:11 of 1st period - Stopped by Antoine Bibeau without a rebound.
16:12 of 1st period - Vladimir Sobotka wins face-off versus Vincent Trocheck in Sewer Rats zone.
16:43 of 1st period - Wrist shot by Kyle Palmieri.
16:43 of 1st period - Shot Misses the Net.
16:49 of 1st period - Wrist shot by Anders Lee.
16:49 of 1st period - Shot Blocked by Ryan Murphy.
17:13 of 1st period - Icing by Simon Danis-Pepin.
17:14 of 1st period - Victor Rask wins face-off versus William Karlsson in Inferno zone.
18:52 of 1st period - Backhand shot by Jonathan Huberdeau.
18:52 of 1st period - Stopped by Christopher Gibson without a rebound.
18:53 of 1st period - Vincent Trocheck wins face-off versus Vladimir Sobotka in Inferno zone.
Goals for this period are 0 for Inferno vs 0 for Sewer Rats.
Shots for this period are 6 for Inferno vs 2 for Sewer Rats.
2nd period
0:01 of 2nd period - Vincent Trocheck wins face-off versus Vladimir Sobotka in neutral zone.
0:25 of 2nd period - David Savard is hit by Erik Condra and loses puck.
1:04 of 2nd period - Wrist shot by Bryan Rust.
1:04 of 2nd period - Stopped by Antoine Bibeau without a rebound.
1:05 of 2nd period - Victor Rask wins face-off versus Vincent Trocheck in Sewer Rats zone.
1:12 of 2nd period - Slapshot by Christian Folin.
1:12 of 2nd period - Stopped by Antoine Bibeau with a rebound.
1:37 of 2nd period - Snap shot by Erik Condra.
1:37 of 2nd period - Shot Hit the Post.
2:13 of 2nd period - Wrist shot by Mark Mancari.
2:13 of 2nd period - Stopped by Christopher Gibson with a rebound.
2:15 of 2nd period - Slapshot by Ryan Murphy.
2:15 of 2nd period - Shot Misses the Net.
2:17 of 2nd period - Slapshot by Vincent Trocheck.
2:17 of 2nd period - Stopped by Christopher Gibson without a rebound.
2:18 of 2nd period - Jonathan Marchessault wins face-off versus Vladimir Sobotka in Inferno zone.
2:19 of 2nd period - Slapshot by Erik Condra.
2:19 of 2nd period - Goal by Erik Condra - Inferno : 0 - Sewer Rats : 1.
2:20 of 2nd period - Vincent Trocheck wins face-off versus Vladimir Sobotka in neutral zone.
2:27 of 2nd period - Greg Pateryn is hit by Mark Mancari and loses puck.
2:46 of 2nd period - Matt Kassian is hit by Erik Condra and loses puck.
2:55 of 2nd period - Snap shot by Jonathan Huberdeau.
2:55 of 2nd period - Shot Misses the Net.
2:57 of 2nd period - Slapshot by Joel Edmundson.
2:57 of 2nd period - Stopped by Christopher Gibson with a rebound.
3:13 of 2nd period - Wrist shot by Matthew Nieto.
3:13 of 2nd period - Deflect By Bryan Rust.
3:13 of 2nd period - Stopped by Antoine Bibeau with a rebound.
3:15 of 2nd period - Snap shot by Bryan Rust.
3:15 of 2nd period - Deflect By Matthew Nieto.
3:15 of 2nd period - Shot Misses the Net.
3:15 of 2nd period - Puck is out of play.
3:16 of 2nd period - Vladimir Sobotka wins face-off versus Vincent Trocheck in Sewer Rats zone.
3:19 of 2nd period - Wrist shot by Vladimir Zharkov.
3:19 of 2nd period - Stopped by Antoine Bibeau without a rebound.
3:20 of 2nd period - Vladimir Sobotka wins face-off versus Mark Mancari in Sewer Rats zone.
3:57 of 2nd period - Wrist shot by Mark Mancari.
3:57 of 2nd period - Shot Misses the Net.
4:03 of 2nd period - Slapshot by Ville Leino.
4:03 of 2nd period - Deflect By Matt Kassian.
4:03 of 2nd period - Shot Blocked by Christian Folin.
4:03 of 2nd period - Puck is out of play.
4:04 of 2nd period - Jonathan Marchessault wins face-off versus Anders Lee in Inferno zone.
4:19 of 2nd period - Snap shot by Jonathan Huberdeau.
4:19 of 2nd period - Shot Misses the Net.
4:38 of 2nd period - Off-side.
4:39 of 2nd period - Jonathan Marchessault wins face-off versus Vladimir Sobotka in neutral zone.
5:24 of 2nd period - Daniel Carr is hit by Philip Varone and loses puck.
5:33 of 2nd period - Jarred Tinordi is hit by Greg Pateryn and loses puck.
5:52 of 2nd period - Slapshot by Vladimir Sobotka.
5:52 of 2nd period - Shot Blocked by Ville Leino.
5:54 of 2nd period - Wrist shot by Vladimir Sobotka.
5:54 of 2nd period - Shot Misses the Net.
5:56 of 2nd period - Snap shot by Tanner Pearson.
5:56 of 2nd period - Goal by Tanner Pearson - Inferno : 1 - Sewer Rats : 1.
5:57 of 2nd period - Vladimir Sobotka wins face-off versus Vincent Trocheck in neutral zone.
6:22 of 2nd period - Anders Lee is hit by Daniel Carr.
6:30 of 2nd period - Wrist shot by Kyle Palmieri.
6:30 of 2nd period - Deflect By Matt Kassian.
6:30 of 2nd period - Shot Misses the Net.
6:30 of 2nd period - Puck is out of play.
6:31 of 2nd period - Vincent Trocheck wins face-off versus Anders Lee in Sewer Rats zone.
6:37 of 2nd period - Icing by John Ramage.
6:38 of 2nd period - Vincent Trocheck wins face-off versus Anders Lee in Sewer Rats zone.
6:47 of 2nd period - Greg Pateryn is hit by Ville Leino and loses puck.
7:04 of 2nd period - Ryan Murphy is hit by Vladimir Sobotka and loses puck.
7:25 of 2nd period - Snap shot by Philip Varone.
7:25 of 2nd period - Shot Misses the Net.
7:33 of 2nd period - Snap shot by Daniel Carr.
7:33 of 2nd period - Shot Misses the Net.
7:58 of 2nd period - Mathieu Brodeur is hit by Ville Leino and loses puck.
8:21 of 2nd period - Snap shot by Vladimir Sobotka.
8:21 of 2nd period - Shot Misses the Net.
8:31 of 2nd period - Snap shot by Matt Kassian.
8:31 of 2nd period - Shot Blocked by Joel Edmundson.
8:33 of 2nd period - Snap shot by Kyle Palmieri.
8:33 of 2nd period - Shot Blocked by Jonathan Marchessault.
8:35 of 2nd period - Wrist shot by David Savard.
8:35 of 2nd period - Shot Hit the Post.
8:37 of 2nd period - Slapshot by Matt Kassian.
8:37 of 2nd period - Goal by Matt Kassian - Inferno : 2 - Sewer Rats : 1.
8:38 of 2nd period - Vincent Trocheck wins face-off versus Vladimir Sobotka in neutral zone.
8:38 of 2nd period - Minor Penalty to Mark Mancari for Goalie Interference.
8:39 of 2nd period - Ville Leino wins face-off versus Vladimir Sobotka in Sewer Rats zone.
8:41 of 2nd period - Penalty Shot by Nick Cousins for Sewer Rats.
8:41 of 2nd period - Deke by Nick Cousins.
8:41 of 2nd period - Stopped by Christopher Gibson.
8:42 of 2nd period - Vladimir Sobotka wins face-off versus Ville Leino in Sewer Rats zone.
9:08 of 2nd period - Jonathan Huberdeau is hit by David Savard and loses puck.
10:38 of 2nd period - Penalty to Mark Mancari is over, Mark Mancari is back on ice.
11:00 of 2nd period - Erik Condra is hit by Eric Karlsson and loses puck.
11:19 of 2nd period - Snap shot by Anthony Duclair.
11:19 of 2nd period - Shot Blocked by Oliver Bjorkstrand.
11:22 of 2nd period - Icing by Esa Lindell.
11:23 of 2nd period - Victor Rask wins face-off versus Nick Cousins in Inferno zone.
11:48 of 2nd period - Snap shot by Erik Condra.
11:48 of 2nd period - Stopped by Christopher Gibson with a rebound.
11:50 of 2nd period - Wrist shot by Erik Condra.
11:50 of 2nd period - Shot Blocked by David Savard.
12:10 of 2nd period - Daniel Carr is hit by David Savard.
12:40 of 2nd period - Snap shot by Philip Varone.
12:40 of 2nd period - Stopped by Antoine Bibeau with a rebound.
13:03 of 2nd period - Minor Penalty to Ville Leino for Slashing.
13:04 of 2nd period - Tanner Pearson wins face-off versus Nick Cousins in Sewer Rats zone.
13:04 of 2nd period - Wrist shot by Kyle Palmieri.
13:04 of 2nd period - Stopped by Antoine Bibeau with a rebound.
13:06 of 2nd period - Snap shot by Vladimir Sobotka.
13:06 of 2nd period - Shot Misses the Net.
13:08 of 2nd period - Wrist shot by Vladimir Sobotka.
13:08 of 2nd period - Goal by Vladimir Sobotka - Inferno : 3 - Sewer Rats : 1.
13:09 of 2nd period - Vincent Trocheck wins face-off versus Vladimir Sobotka in neutral zone.
13:24 of 2nd period - Slapshot by Ville Leino.
13:24 of 2nd period - Shot Misses the Net.
13:34 of 2nd period - Steven Kampfer is hit by David Savard and loses puck.
13:45 of 2nd period - Jonathan Marchessault is hit by Anders Lee and loses puck.
14:04 of 2nd period - Wrist shot by Nick Cousins.
14:04 of 2nd period - Stopped by Christopher Gibson with a rebound.
14:06 of 2nd period - Snap shot by Ville Leino.
14:06 of 2nd period - Stopped by Christopher Gibson with a rebound.
14:08 of 2nd period - Wrist shot by Ville Leino.
14:08 of 2nd period - Stopped by Christopher Gibson without a rebound.
14:09 of 2nd period - Vladimir Sobotka wins face-off versus Vincent Trocheck in Inferno zone.
14:09 of 2nd period - Vladimir Sobotka is hit by Mark Mancari.
14:42 of 2nd period - Snap shot by Erik Condra.
14:42 of 2nd period - Shot Misses the Net.
14:44 of 2nd period - Wrist shot by Erik Condra.
14:44 of 2nd period - Deflect By Jonathan Marchessault.
14:44 of 2nd period - Stopped by Christopher Gibson without a rebound.
14:45 of 2nd period - William Karlsson wins face-off versus Tanner Pearson in Inferno zone.
15:01 of 2nd period - Daniel Carr is hit by Christian Folin and loses puck.
15:37 of 2nd period - Snap shot by Jonathan Marchessault.
15:37 of 2nd period - Shot Misses the Net.
15:51 of 2nd period - Snap shot by Vladimir Sobotka.
15:51 of 2nd period - Goal by Vladimir Sobotka - Inferno : 4 - Sewer Rats : 1.
15:51 of 2nd period - Marek Mazanek enters game.
15:52 of 2nd period - Vincent Trocheck wins face-off versus Anders Lee in neutral zone.
15:52 of 2nd period - Mark Mancari is hit by Anders Lee and loses puck.
15:57 of 2nd period - Ville Leino is hit by Matt Kassian and loses puck.
16:06 of 2nd period - Snap shot by Kyle Palmieri.
16:06 of 2nd period - Shot Misses the Net.
16:08 of 2nd period - Snap shot by Anders Lee.
16:08 of 2nd period - Deflect By Matt Kassian.
16:08 of 2nd period - Goal by Matt Kassian - Inferno : 5 - Sewer Rats : 1.
16:09 of 2nd period - Vladimir Sobotka wins face-off versus Vincent Trocheck in neutral zone.
16:16 of 2nd period - Wrist shot by Vladimir Sobotka.
16:16 of 2nd period - Deflect By Ville Leino.
16:16 of 2nd period - Shot Misses the Net.
16:16 of 2nd period - Puck is out of play.
16:17 of 2nd period - Vincent Trocheck wins face-off versus Vladimir Sobotka in Sewer Rats zone.
16:31 of 2nd period - Slapshot by Matt Lashoff.
16:31 of 2nd period - Stopped by Christopher Gibson with a rebound.
16:35 of 2nd period - Snap shot by Vincent Trocheck.
16:35 of 2nd period - Stopped by Christopher Gibson with a rebound.
16:37 of 2nd period - Slapshot by Steven Kampfer.
16:37 of 2nd period - Stopped by Christopher Gibson with a rebound.
16:39 of 2nd period - Wrist shot by Steven Kampfer.
16:39 of 2nd period - Stopped by Christopher Gibson without a rebound.
16:40 of 2nd period - Jonathan Marchessault wins face-off versus Anders Lee in Inferno zone.
17:05 of 2nd period - Bryan Rust is hit by John Ramage and loses puck.
17:14 of 2nd period - Snap shot by Greg Pateryn.
17:14 of 2nd period - Stopped by Marek Mazanek with a rebound.
17:28 of 2nd period - Snap shot by William Karlsson.
17:28 of 2nd period - Deflect By Tanner Pearson.
17:28 of 2nd period - Goal by William Karlsson - Inferno : 5 - Sewer Rats : 2.
17:29 of 2nd period - Vladimir Sobotka wins face-off versus Vincent Trocheck in neutral zone.
17:36 of 2nd period - Slapshot by Tanner Pearson.
17:36 of 2nd period - Stopped by Marek Mazanek with a rebound.
18:05 of 2nd period - Jonathan Huberdeau is hit by Mathieu Brodeur and loses puck.
18:16 of 2nd period - Snap shot by Victor Rask.
18:16 of 2nd period - Stopped by Marek Mazanek without a rebound.
18:17 of 2nd period - Victor Rask wins face-off versus Vincent Trocheck in Sewer Rats zone.
18:20 of 2nd period - Slapshot by David Savard.
18:20 of 2nd period - Shot Misses the Net.
18:33 of 2nd period - Minor Penalty to Eric Karlsson for Hooking.
18:34 of 2nd period - Vincent Trocheck wins face-off versus Vladimir Sobotka in Inferno zone.
18:39 of 2nd period - Slapshot by Matt Lashoff.
18:39 of 2nd period - Deflect By Ville Leino.
18:39 of 2nd period - Shot Blocked by Bryan Rust.
18:39 of 2nd period - Puck is out of play.
18:40 of 2nd period - Vladimir Sobotka wins face-off versus Vincent Trocheck in Inferno zone.
19:13 of 2nd period - Wrist shot by Jonathan Huberdeau.
19:13 of 2nd period - Shot Blocked by Vladimir Sobotka.
Goals for this period are 5 for Inferno vs 2 for Sewer Rats.
Shots for this period are 14 for Inferno vs 14 for Sewer Rats.
3rd period
0:01 of 3rd period - Vladimir Sobotka wins face-off versus Vincent Trocheck in neutral zone.
0:04 of 3rd period - Snap shot by David Savard.
0:04 of 3rd period - Stopped by Marek Mazanek with a rebound.
0:06 of 3rd period - Slapshot by David Savard.
0:06 of 3rd period - Deflect By Vladimir Sobotka.
0:06 of 3rd period - Shot Blocked by Ville Leino.
0:06 of 3rd period - Puck is out of play.
0:07 of 3rd period - Vladimir Sobotka wins face-off versus Vincent Trocheck in Sewer Rats zone.
0:20 of 3rd period - Slapshot by Ville Leino.
0:20 of 3rd period - Shot Misses the Net.
0:33 of 3rd period - Penalty to Eric Karlsson is over, Eric Karlsson is back on ice.
0:35 of 3rd period - Icing by Matt Lashoff.
0:36 of 3rd period - Vincent Trocheck wins face-off versus Anders Lee in Sewer Rats zone.
1:02 of 3rd period - Icing by Matt Lashoff.
1:03 of 3rd period - Erik Condra wins face-off versus Vladimir Sobotka in Sewer Rats zone.
1:35 of 3rd period - Dmitrij Jaskin is hit by Kyle Palmieri and loses puck.
2:50 of 3rd period - Ryan Murphy is hit by Kyle Palmieri and loses puck.
3:07 of 3rd period - Philip Varone is hit by Dmitrij Jaskin and loses puck.
3:14 of 3rd period - Wrist shot by Dmitrij Jaskin.
3:14 of 3rd period - Stopped by Christopher Gibson without a rebound.
3:15 of 3rd period - William Karlsson wins face-off versus Tanner Pearson in Inferno zone.
3:16 of 3rd period - Snap shot by Daniel Carr.
3:16 of 3rd period - Shot Misses the Net.
3:18 of 3rd period - Snap shot by William Karlsson.
3:18 of 3rd period - Shot Misses the Net.
3:20 of 3rd period - Snap shot by Connor Carrick.
3:20 of 3rd period - Shot Blocked by Vladimir Sobotka.
3:26 of 3rd period - Snap shot by Daniel Carr.
3:26 of 3rd period - Shot Misses the Net.
3:28 of 3rd period - Snap shot by Connor Carrick.
3:28 of 3rd period - Stopped by Christopher Gibson with a rebound.
3:30 of 3rd period - Wrist shot by Daniel Carr.
3:30 of 3rd period - Shot Blocked by Vladimir Zharkov.
3:51 of 3rd period - Snap shot by Kyle Palmieri.
3:51 of 3rd period - Shot Blocked by Ville Leino.
3:53 of 3rd period - Slapshot by Anders Lee.
3:53 of 3rd period - Stopped by Marek Mazanek without a rebound.
3:54 of 3rd period - Jonathan Marchessault wins face-off versus Philip Varone in Sewer Rats zone.
4:25 of 3rd period - Snap shot by Vladimir Zharkov.
4:25 of 3rd period - Stopped by Marek Mazanek with a rebound.
4:27 of 3rd period - Snap shot by Esa Lindell.
4:27 of 3rd period - Shot Blocked by Matt Lashoff.
4:47 of 3rd period - Snap shot by Dmitrij Jaskin.
4:47 of 3rd period - Stopped by Christopher Gibson with a rebound.
5:00 of 3rd period - Off-side.
5:01 of 3rd period - Philip Varone wins face-off versus Jonathan Marchessault in neutral zone.
5:14 of 3rd period - Wrist shot by Jonathan Marchessault.
5:14 of 3rd period - Stopped by Christopher Gibson without a rebound.
5:15 of 3rd period - Vladimir Sobotka wins face-off versus Vincent Trocheck in Inferno zone.
5:34 of 3rd period - David Savard is hit by Joel Edmundson and loses puck.
5:47 of 3rd period - Snap shot by Vladimir Sobotka.
5:47 of 3rd period - Shot Misses the Net.
6:05 of 3rd period - Backhand shot by William Karlsson.
6:05 of 3rd period - Stopped by Christopher Gibson without a rebound.
6:06 of 3rd period - William Karlsson wins face-off versus Philip Varone in Inferno zone.
6:31 of 3rd period - Mathieu Brodeur is hit by Mark Mancari and loses puck.
7:15 of 3rd period - Wrist shot by Dmitrij Jaskin.
7:15 of 3rd period - Stopped by Christopher Gibson with a rebound.
7:17 of 3rd period - Snap shot by William Karlsson.
7:17 of 3rd period - Shot Misses the Net.
7:19 of 3rd period - Snap shot by Dmitrij Jaskin.
7:19 of 3rd period - Shot Blocked by Kyle Palmieri.
7:37 of 3rd period - Snap shot by Ville Leino.
7:37 of 3rd period - Goal by Ville Leino - Inferno : 5 - Sewer Rats : 3.
7:38 of 3rd period - Vladimir Sobotka wins face-off versus Vincent Trocheck in neutral zone.
7:56 of 3rd period - Minor Penalty to Ville Leino for Cross-checking.
7:57 of 3rd period - Nick Cousins wins face-off versus Vladimir Sobotka in Sewer Rats zone.
8:26 of 3rd period - Steven Kampfer is hit by Matthew Nieto.
9:40 of 3rd period - Nick Cousins is hit by Matthew Nieto and loses puck.
9:55 of 3rd period - Daniel Carr is hit by Esa Lindell and loses puck.
9:56 of 3rd period - Penalty to Ville Leino is over, Ville Leino is back on ice.
10:02 of 3rd period - William Karlsson is hit by Philip Varone and loses puck.
10:11 of 3rd period - Slapshot by Ville Leino.
10:11 of 3rd period - Deflect By Daniel Carr.
10:11 of 3rd period - Shot Blocked by Simon Danis-Pepin.
10:11 of 3rd period - Puck is out of play.
10:12 of 3rd period - Victor Rask wins face-off versus Nick Cousins in Inferno zone.
10:45 of 3rd period - Wrist shot by Daniel Carr.
10:45 of 3rd period - Shot Misses the Net.
11:23 of 3rd period - Snap shot by Jonathan Huberdeau.
11:23 of 3rd period - Stopped by Christopher Gibson without a rebound.
11:24 of 3rd period - Jonathan Marchessault wins face-off versus Victor Rask in Inferno zone.
11:51 of 3rd period - Steven Kampfer is hit by Anders Lee and loses puck.
12:32 of 3rd period - Wrist shot by Jonathan Marchessault.
12:32 of 3rd period - Stopped by Christopher Gibson without a rebound.
12:33 of 3rd period - Victor Rask wins face-off versus Jonathan Marchessault in Inferno zone.
12:44 of 3rd period - Slapshot by Erik Condra.
12:44 of 3rd period - Stopped by Christopher Gibson with a rebound.
12:46 of 3rd period - Snap shot by Erik Condra.
12:46 of 3rd period - Stopped by Christopher Gibson with a rebound.
12:48 of 3rd period - Snap shot by John Ramage.
12:48 of 3rd period - Shot Misses the Net.
12:58 of 3rd period - Mark Mancari is hit by Vladimir Zharkov and loses puck.
13:20 of 3rd period - Minor Penalty to Dmitrij Jaskin for Hooking.
13:21 of 3rd period - Ville Leino wins face-off versus Vladimir Sobotka in Sewer Rats zone.
13:21 of 3rd period - Ville Leino is hit by Vladimir Sobotka.
13:27 of 3rd period - Matt Lashoff is hit by Kyle Palmieri and loses puck.
13:36 of 3rd period - Wrist shot by Kyle Palmieri.
13:36 of 3rd period - Shot Blocked by Mark Mancari.
15:20 of 3rd period - Penalty to Dmitrij Jaskin is over, Dmitrij Jaskin is back on ice.
15:20 of 3rd period - Matt Lashoff is hit by Philip Varone.
15:26 of 3rd period - Snap shot by Bryan Rust.
15:26 of 3rd period - Stopped by Marek Mazanek with a rebound.
15:52 of 3rd period - Snap shot by Philip Varone.
15:52 of 3rd period - Shot Misses the Net.
16:03 of 3rd period - Minor Penalty to Eric Karlsson for Tripping.
16:04 of 3rd period - Vladimir Sobotka wins face-off versus Vincent Trocheck in Inferno zone.
16:18 of 3rd period - Snap shot by Vincent Trocheck.
16:18 of 3rd period - Shot Misses the Net.
16:20 of 3rd period - Slapshot by Jarred Tinordi.
16:20 of 3rd period - Shot Misses the Net.
16:30 of 3rd period - Erik Condra is hit by Matt Kassian.
16:44 of 3rd period - Slapshot by Christian Folin.
16:44 of 3rd period - Deflect By Philip Varone.
16:44 of 3rd period - Stopped by Marek Mazanek without a rebound.
16:45 of 3rd period - Vladimir Sobotka wins face-off versus Vincent Trocheck in Sewer Rats zone.
18:03 of 3rd period - Penalty to Eric Karlsson is over, Eric Karlsson is back on ice.
18:28 of 3rd period - Icing by Ryan Murphy.
18:29 of 3rd period - Vladimir Sobotka wins face-off versus Jonathan Marchessault in Sewer Rats zone.
18:36 of 3rd period - Vladimir Sobotka is hit by John Ramage and loses puck.
18:50 of 3rd period - Icing by Ville Leino.
18:51 of 3rd period - Vincent Trocheck wins face-off versus Anders Lee in Sewer Rats zone.
Goals for this period are 0 for Inferno vs 1 for Sewer Rats.
Shots for this period are 5 for Inferno vs 11 for Sewer Rats.
Back to the Top